 Dungeon Crawl Stone Soup version 0.32-a0-120-gfac0567ad4 (webtiles) character file.

Game seed: 9305449844308878671

5417 Ceno the Geomancer (level 10, -6/49 HPs)
             Began as a Vine Stalker Earth Elementalist on Feb 7, 2024.
             Was a Believer of Uskayaw.
             Killed from afar by a kobold brigand (7 damage)
             ... with a puff of flame
             ... on level 10 of the Dungeon.
             The game lasted 00:30:12 (8144 turns).

Ceno the Geomancer (VSEE)                           Turns: 8144, Time: 00:30:15

Health: -6/49      AC:  3    Str: 10    XL:     10   Next: 67%
Magic:  0/22       EV: 17    Int: 15    God:    Uskayaw [**....]
Gold:   527        SH:  5    Dex: 20    Spells: 13/24 levels left

rFire   . . .        f - +1 dagger (venom)
rCold   . . .        (no shield)
rNeg    + . .        a - +0 robe
rPois   .            s - +0 helmet
rElec   .            (no cloak)
rCorr   .            (no gloves)
SInv    .            (no boots)
Will    +....        g - amulet of reflection
Stlth   ++++         n - +5 ring of evasion
HPRegen 1.08/turn    w - ring of positive energy
MPRegen 0.18/turn

%: reflection, guardian spirit
@: lethally poisoned (-6 -> -7)
A: fangs 3, regeneration 1, magic shield, antimagic bite, no potion heal 2
a: Renounce Religion, Stomp, Line Pass


You were on level 10 of the Dungeon.
You worshipped Uskayaw.
Uskayaw was noncommittal.
You visited 2 branches of the dungeon, and saw 11 of its levels.

You collected 527 gold pieces.

Inventory:

Hand Weapons
 f - a +1 dagger of venom (weapon)
 p - a +0 rapier
Missiles
 c - 93 stones (quivered)
 q - 2 throwing nets
Armour
 a - a +0 robe (worn)
 k - a +0 buckler
 s - a +0 helmet (worn)
Jewellery
 g - an amulet of reflection (around neck)
 n - a +5 ring of evasion (left hand)
 w - a ring of positive energy (right hand)
 A - a +6 ring of strength
 H - an amulet of the acrobat
Wands
 E - a wand of iceblast (9)
 I - a wand of polymorph (3)
Scrolls
 h - 3 scrolls of silence
 l - 7 scrolls of teleportation
 o - 3 scrolls of noise
 r - 2 scrolls of poison
 t - a scroll of amnesia
 v - a scroll of vulnerability
 y - a scroll of blinking
 B - a scroll of fear {unknown}
 D - a scroll of revelation
 G - a scroll of enchant weapon {unknown}
Potions
 d - a potion of resistance
 e - 6 potions of curing
 i - a potion of degeneration
 j - a potion of cancellation
 m - 4 potions of enlightenment
 u - a potion of ambrosia
 x - 2 potions of lignification
 z - a potion of heal wounds
 C - a potion of berserk rage {unknown}
 F - 2 potions of mutation


   Skills:
 - Level 4.0 Fighting
 - Level 5.0 Short Blades
 - Level 1.5 Dodging
 + Level 7.5 Stealth
 + Level 7.9 Spellcasting
 - Level 3.0 Conjurations
 - Level 8.0 Earth Magic
 + Level 4.7 Alchemy
 + Level 3.6 Invocations


You had 13 spell levels left.
You knew the following spells:

 Your Spells              Type           Power      Damage    Failure   Level
a - Sandblast             Erth           58%        2d13      1%          1
b - Passwall              Erth           29%        N/A       1%          3
c - Stone Arrow           Conj/Erth      44%        3d9       3%          3
d - Petrify               Alch/Erth      25%        N/A       9%          4

Your spell library contained the following spells:

 Spells                   Type           Power      Damage    Failure   Level
 Brom's Barrelling Bould  Conj/Erth      22%        2d4       13%         4
 Ensorcelled Hibernation  Hex/Ice        10%        N/A       19%         2
 Call Canine Familiar     Summ           5%         N/A       36%         3
 Sigil of Binding         Hex            5%         N/A       36%         3
 Swiftness                Air            5%         N/A       36%         3
 Tukima's Dance           Hex            5%         N/A       36%         3
 Iskenderun's Mystic Bla  Conj/Tloc      10%        2d4       54%         4
 Dimensional Bullseye     Hex/Tloc       2%         N/A       77%         4


Dungeon Overview and Level Annotations

Branches:
Dungeon (10/15)            Temple (1/1) D:7            Lair (0/5) D:10
    Orc: D:9-12

Altars:
Ashenzari
Cheibriados
Dithmenos
Elyvilon
Fedhas
Gozag
Hepliaklqana
Kikubaaqudgha
Makhleb
Nemelex Xobeh
Okawaru
Qazlal
Ru
Sif Muna
Trog
Uskayaw
Vehumet
Wu Jian
Xom
Yredelemnul
Zin
The Shining One

Shops:
D:6 *

Annotations:
D:6 exclusions: 2 orcs and orc warrior
D:7 exclusion: 2 gargoyles, Maggie
D:9 exclusions: 2 tengu warriors and two-headed ogre


Innate Abilities, Weirdness & Mutations

You have razor-sharp teeth.
Your natural rate of healing is unusually fast.
When hurt, damage is shared between your health and your magic reserves.
Your bite disrupts and absorbs the magic of your enemies.
Potions cannot restore your health.


Message History

You can now pass through a line of other dancers.
You barely miss the kobold brigand.
You punch the kobold brigand, but do no damage.
Your bite misses the kobold brigand.
The kobold brigand is heavily wounded.
You feel sick.
The vampire's magic is no longer disrupted.
The kobold brigand hits you with a +0 short sword.
The vampire casts a spell.
The vampire flickers and vanishes!
Deactivating autopickup; reactivate with Ctrl-A.
You miss something. Your bite misses something.
You feel sick. Something hits you. Something bites you.
The kobold brigand zaps a wand.
The puff of flame hits you!
* * * LOW HITPOINT WARNING * * *
You hit something but do no damage. Your bite misses something.
The kobold brigand hits you with a +0 short sword.
* * * LOW HITPOINT WARNING * * *
Something hits you!
* * * LOW HITPOINT WARNING * * *
Something bites you.
* * * LOW HITPOINT WARNING * * *
Something draws strength from your injuries!
You miss something. Your bite misses something.
You feel sick.
You hit something. You bite something.
You feel sick. Something closely misses you. Something bites you.
* * * LOW HITPOINT WARNING * * *
The kobold brigand completely misses you.
You hit something but do no damage.
You feel sick. Something closely misses you. Something barely misses you.
The kobold brigand completely misses you.
You hit something but do no damage. Your punch misses something.
You bite something. Something hits you.
* * * LOW HITPOINT WARNING * * *
Something bites you.
* * * LOW HITPOINT WARNING * * *
Something draws strength from your injuries!
The kobold brigand zaps a wand.
The puff of flame hits you!
You die...
Your body falls in perfect tune with the rhythm.

#.......#.# #.......# #.
####.##.#.# #####...# #.
####.##.#.### #...####### #.
............### #.........# #.
....#.#.......# #...#####.###.
....#.#.#.#############.......##.
...........####....####..........
....#.#....#!.'.K..'.!#.......##.
....#.#....# #{@..# ######.###.
#####......#####..#####......##..
#######.......##''##.#.#####.##..
.....##.....####.?##..9# #.....
.....##.....# #.###.#.## ####..
.....##.##..####....###.# #..
.............<.>###..#.##########
.....####.#####.###.#...ooo..# #
.....# #.#####........#####.# #


You could see a kobold brigand (poisoned).

Vanquished Creatures
  A gargoyle (D:7)
  An unseen horror (D:10)
  A hornet (D:10)
  A wraith (D:10)
  A shadow (D:10)
  A wyvern (D:10)
  9 yaks
  An orc warrior (D:8)
  A sky beast (D:8)
  A black bear (D:4)
  3 centaurs
  An ogre (D:5)
  Blork the orc (D:4)
  2 bullfrogs (D:8)
  6 scorpions
  9 wights
  4 killer bees
  A howler monkey (D:6)
  A bombardier beetle (D:5)
  6 orc priests
  3 hounds
  2 jellies
  2 sleepcaps
  An iguana (D:5)
  Natasha (thrice) (D:4)
  6 orc wizards
  13 adders
  8 gnolls
  10 river rats (D:5)
  A shadow imp (D:7)
  A white imp (D:5)
  A dart slug (D:4)
  2 ribbon worms
  19 orcs
  6 ball pythons
  5 bats
  6 endoplasms
  3 giant cockroaches
  13 goblins
  5 hobgoblins
  2 jackals (D:1)
  11 quokkas
  3 frilled lizards
  11 kobolds
  16 rats
205 creatures vanquished.

Notes
Turn   | Place    | Note
-------+----------+-------------------------------------------
     0 | D:1      | Ceno the Vine Stalker Earth Elementalist began the quest
                  | for the Orb.
     0 | D:1      | Reached XP level 1. HP: 9/9 MP: 4/4
   115 | D:1      | Reached XP level 2. HP: 13/13 MP: 6/6
   365 | D:1      | Reached XP level 3. HP: 16/16 MP: 3/7
   369 | D:1      | Learned a level 3 spell: Passwall
   373 | D:1      | Learned a level 3 spell: Stone Arrow
  1043 | D:2      | You fall into a shaft and drop 1 floor!
  1043 | D:3      | Found an iron altar of Okawaru.
  1246 | D:2      | Reached XP level 4. HP: 20/21 MP: 5/9
  1475 | D:2      | Reached skill level 4 in Earth Magic
  1478 | D:2      | Reached XP level 5. HP: 22/24 MP: 4/10
  2516 | D:4      | Found a radiant altar of Vehumet.
  2524 | D:4      | Reached XP level 6. HP: 27/28 MP: 12/12
  2574 | D:4      | Noticed Natasha
  2591 | D:4      | Killed Natasha
  2650 | D:4      | Noticed Blork the orc
  2652 | D:4      | Noticed a black bear
  2684 | D:4      | Killed a black bear
  2685 | D:4      | Reached skill level 5 in Stealth
  2688 | D:4      | Noticed Natasha
  2729 | D:4      | Killed Blork the orc
  2730 | D:4      | Reached skill level 5 in Earth Magic
  2730 | D:4      | Reached XP level 7. HP: 30/32 MP: 3/14
  2786 | D:4      | Killed Natasha
  2921 | D:4      | Found a bloodstained altar of Trog.
  3163 | D:4      | Noticed Natasha
  3172 | D:4      | Killed Natasha
  3418 | D:5      | Entered Level 5 of the Dungeon
  3425 | D:5      | Reached skill level 5 in Spellcasting
  3524 | D:5      | Reached skill level 6 in Earth Magic
  3689 | D:5      | Gained mutation: You have razor-sharp teeth. [Vine Stalker
                  | growth]
  3689 | D:5      | Reached XP level 8. HP: 36/36 MP: 14/17
  3784 | D:5      | Reached skill level 1 in Short Blades
  3890 | D:5      | Reached skill level 1 in Fighting
  4498 | D:6      | Learned a level 4 spell: Petrify
  4828 | D:6      | Found Geyz's General Store.
  5058 | D:6      | Reached skill level 7 in Earth Magic
  5080 | D:7      | Found a staircase to the Ecumenical Temple.
  5086 | Temple   | Entered the Ecumenical Temple
  5090 | Temple   | Became a worshipper of Uskayaw the Reveller
  5146 | D:7      | Reached * piety under Uskayaw
  5149 | D:7      | Found a glowing silver altar of Zin.
  5191 | D:7      | Noticed a gargoyle
  5281 | D:7      | Noticed a gargoyle
  5293 | D:7      | Reached ** piety under Uskayaw
  5315 | D:7      | Reached *** piety under Uskayaw
  5318 | D:7      | Reached XP level 9. HP: 44/44 MP: 7/18
  5511 | D:7      | Killed a gargoyle
  5583 | D:7      | Noticed a gargoyle
  5583 | D:7      | Noticed a gargoyle
  5635 | D:7      | Noticed Maggie
  5771 | D:8      | Reached skill level 8 in Earth Magic
  5771 | D:8      | Reached **** piety under Uskayaw
  5777 | D:8      | Reached ***** piety under Uskayaw
  5780 | D:8      | Reached skill level 1 in Alchemy
  5833 | D:7      | Reached skill level 5 in Short Blades
  6100 | D:8      | Reached skill level 1 in Invocations
  6100 | D:8      | Reached XP level 10. HP: 48/49 MP: 17/21
  6163 | D:8      | Found a blossoming altar of Fedhas.
  6834 | D:9      | Noticed a tengu warrior
  6881 | D:9      | Noticed a two-headed ogre
  6964 | D:9      | Noticed a tengu warrior
  7184 | D:10     | Entered Level 10 of the Dungeon
  7362 | D:10     | Found a staircase to the Lair.
  7584 | D:10     | Paralysed by a hornet for 2 turns
  7723 | D:10     | Noticed a gargoyle
  7738 | D:10     | HP: 1/49 [gargoyle/+0 morningstar (9)]
  7955 | D:10     | Killed an unseen horror
  8144 | D:10     | HP: 1/49 [something (2)]
  8144 | D:10     | Killed from afar by a kobold brigand

Illustrated notes

Levels and vault maps discovered:
D:1:      tarquinn_simple_flora_water_d, layout_basic, minmay_surrounded
D:2:      layout_rooms
D:3:      layout_loops_ring, mainiacjoe_overflow_catwalk
D:4:      layout_gridville, nicolae_vehumet_radiance, trog_hazing_becter,
          nicolae_hexahallways, uniq_natasha, uniq_blork_the_orc
D:5:      lemuel_ratsnest, layout_cave_pools, dk_noncrumbling_4,
          kennysheep_generic_room_7
D:6:      layout_rooms, serial_shops, nicolae_take_the_stairs
D:7:      cheibrodos_statue_roulette, layout_rooms,
          mainiacjoe_overflow_six_doors_small, minmay_temple_entry_hall,
          nicolae_kite_square_tiling_tiny, due_unseen_surprise, uniq_maggie
D:8:      layout_basic, fedhas_bush_and_centaur_altar
D:9:      layout_rooms, serial_aquarium, aquarium_bridge_square
          [aquarium_subvault_wall, aquarium_subvault_bridge,
          aquarium_subvault_wall, aquarium_subvault_window],
          aquarium_bridge_long_separate [aquarium_subvault_bridge,
          aquarium_subvault_bridge, aquarium_subvault_bridge,
          aquarium_subvault_bridge, aquarium_subvault_wall,
          aquarium_subvault_bridge], aquarium_window_1, aquarium_window_2,
          aquarium_window_1, aquarium_window_fake, aquarium_view_2d,
          aquarium_balcony_3a, aquarium_pool_2, minivault_4,
          reono_crystal_passage
D:10:     layout_loops_cross, dpeg_oklobed_lair, blue_anna_alchemist
Temple:   sentei_temple_godly_chess

Skill      XL: |  1  2  3  4  5  6  7  8  9 10 |
---------------+-------------------------------+-----
Stealth        | 3 4 5 7 |  7.5
Spellcasting   | 3 4 5 6 7 |  7.9
Earth Magic    | 4 5 6 7 8 |  8.0
Conjurations   | 2 3 |  3.0
Short Blades   | 3 5 |  5.0
Fighting       | 3 4 |  4.0
Alchemy        | 3 4 |  4.7
Invocations    | 1 3 |  3.6
Dodging        | |  1.5

Action                     |  1- 3 |  4- 6 |  7- 9 | 10-12 || total
---------------------------+-------+-------+-------+-------++-------
  Melee: Unarmed           |     8 |       |       |       ||     8
         Bite              |    16 |    15 |    82 |    43 ||   156
         Dagger            |    46 |    42 |   223 |   101 ||   412
         Punch             |     2 |     2 |    19 |    12 ||    35
  Throw: Stone             |     2 |     1 |     7 |     2 ||    12
   Cast: Sandblast         |    33 |    32 |    74 |    13 ||   152
         Passwall          |       |     5 |    10 |     4 ||    19
         Stone Arrow       |       |       |    11 |    11 ||    22
         Petrify           |       |       |       |     1 ||     1
    Use: Scroll            |       |     1 |     9 |     8 ||    18
         Potion            |       |       |       |     2 ||     2
   Stab: Sleeping          |       |     5 |    11 |     5 ||    21
         Paralysed         |       |       |     5 |     1 ||     6
         Petrified         |       |       |       |     2 ||     2
         Petrifying        |       |       |       |     1 ||     1
 Armour: Robe              |    23 |    42 |    81 |    72 ||   218
  Dodge: Dodged            |    31 |    63 |   164 |    47 ||   305
  Block: Other             |       |       |       |     8 ||     8

Table legend: (Time is in decaauts)
 A = Elapsed time spent in this place.
 B = Non-inter-level travel time spent in this place.
 C = Inter-level travel time spent in this place.
 D = Time resting spent in this place.
 E = Time spent auto-exploring this place.
 F = Levels seen in this place.
 G = Mean time per level.
                   A        B        C        D        E       F      G
               +--------+--------+--------+--------+--------+-----+--------+
         Total |   8177 |   7882 |    295 |    532 |   5058 |  11 |  743.4 |
       Dungeon |   8168 |   7876 |    292 |    532 |   5058 |  10 |  816.8 |
        Temple |      8 |      5 |      3 |      0 |      0 |   1 |    8.0 |
               +--------+--------+--------+--------+--------+-----+--------+

Top non-repeatable levels by time:
     D:5: 1067 daAuts
     D:4: 1012 daAuts
     D:1: 976 daAuts
    D:10: 945 daAuts
     D:8: 891 daAuts
     D:3: 890 daAuts
     D:7: 798 daAuts
     D:2: 578 daAuts
     D:6: 526 daAuts
     D:9: 480 daAuts
  Temple: 8 daAuts
